AoeStats
← Barón de la Cerveza

Arabia

505347035Analyzed
1v1 RM · 24d ago on Sep 9, 2026· 47m 14s· 2 players
Game mode
Random Map
Map size
Tiny (2 player)
Population
200
Speed
Normal
Resources
Standard
Victory
Conquest
Starting age
Dark Age
Ending age
Imperial Age
RankedLock teamsTeams togetherTeam positionsShared explorationLock speedFull tech treeHidden civsTurbo modeCheats
Victory
Defeat
🇲🇽 Japanese · Mexico
1844
+10
🇹🇷 Hindustanis · Türkiye
1696
-10
LonzoWall
5:57 Loom
8:31 Feudal Age
10:02 Double-Bit Axe
17:15 Fletching
19:17 Padded Archer Armor
23:03 Castle Age
21:21 Horse Collar
23:40 Bodkin Arrow
23:07 Elite Skirmisher
25:17 Bow Saw
28:45 Wheelbarrow
31:04 Ballistics
36:33 Imperial Age
34:27 Heavy Plow
35:05 Leather Archer Armor
35:06 Husbandry
37:16 Bracer
38:02 Ring Archer Armor
39:34 Chemistry
39:33 Masonry
41:33 Thumb Ring
42:22 Bloodlines
42:11 Heavy Cavalry Archer
43:00 Light Cavalry
44:39 Scale Barding Armor
44:44 Forging
46:14 Chain Barding Armor
47:32 Iron Casting
Barón de la Cerveza
11:23 Feudal Age
12:31 Double-Bit Axe
12:39 Loom
13:42 Fletching
13:57 Horse Collar
23:34 Castle Age
24:57 Bow Saw
27:00 Heavy Plow
29:00 Bodkin Arrow
28:48 Elite Skirmisher
30:11 Padded Archer Armor
30:54 Ballistics
31:01 Town Watch
37:05 Imperial Age
35:30 Scale Mail Armor
36:00 Gold Mining
36:00 Stone Mining
37:02 Chain Mail Armor
38:11 Gold Shaft Mining
38:37 Wheelbarrow
39:07 Two-Man Saw
38:57 Plate Mail Armor
39:20 Conscription
39:01 Yasama
39:53 Hoardings
39:08 Capped Ram
40:34 Leather Archer Armor
40:19 Bracer
41:42 Kataparuto
41:28 Bracer
41:59 Ring Archer Armor
41:36 Thumb Ring
41:58 Parthian Tactics
43:22 Chemistry
42:54 Bloodlines
42:45 Husbandry
43:32 Heavy Cavalry Archer
47:45 Siege Engineers
47:36 Murder Holes
47:53 Masonry
Connection lost

Rejoining the realm…

Still unreachable

The connection could not be restored.

Session expired

The server has moved on; the page needs a fresh start.